Celery, neutral female sylph Wizard ----------- ########### |.........| ---------- #--------------------------------- |.........| |.[......| #|...........Ef..................| |>........| |........+######|.------------....[------------.| |.........| |........| # |.|)..|...|..|)...[-..|.((|...|.| --------|-- |....<...| ### |.|...|...|..|.....|..|...|...|.| # --|------- # |.|.!*|...|..|.`[..|..|.(.|...|.| ### ##### #### |.|...|...||--...).----|----|--.| # # # # |.--|--|---......[[[[.........(.-#### ######## ### # ###|....(........(...[..[..........| # ----.------ # # #|.--|--|---....-|----..)........| ###|.........| ------.-# #|.|...|...|---.|....|.-----|---.| #...^......| |.......# #|.|(..|...|.[-.|.%[.|.|..|....|.| |.........| |......| #..|(((|...|..|.|.._[|.-..|....|.| |.........| |....... |[|(((|...|..|.|....|.|..|(..[|.| ----------- -------- ..------------.------.---------.| |...............................| --------------------------------- Celery the Magician Experience level: 10 Strength: 15 Dexterity: 15 Constitution: 16 Intelligence: 19 Wisdom: 17 Charisma: 7 Health: 0(102) Energy: 188(188) Def: 1 Gold: 0 Moves: 11603 Dungeon seed: 7sRjsVVe4n7jMu7c Game ID: Celery_1470933226 Your Inventory: Amulets G - a cursed amulet of reflection Weapons L - an uncursed +0 elven dagger (weapon in hand) Armor e - an uncursed +0 cloak of magic resistance (being worn) H - a cursed +0 Hawaiian shirt Comestibles F - an uncursed tripe ration R - an uncursed giant spider corpse Scrolls A - a blessed scroll of confuse monster E - an uncursed scroll of teleportation Potions b - an uncursed potion of restore ability o - an uncursed potion of see invisible v - a potion of holy water Rings c - an uncursed ring of teleport control d - an uncursed ring of polymorph control k - an uncursed +1 ring of gain constitution C - an uncursed ring of invisibility D - a cursed ring of hunger I - a cursed -1 ring of increase damage S - an uncursed ring of free action Y - an uncursed ring of slow digestion (on right hand) Wands i - an uncursed wand of cold (0:6) p - an uncursed wand of striking (0:5) t - an uncursed wand of enlightenment (0:8) J - a cursed wand of digging (0:3) K - a cursed wand of digging (0:2) M - a cursed wand of sleep (0:6) O - an uncursed wand of teleportation (0:4) P - a cursed wand of lightning (0:2) U - an uncursed wand of secret door detection (0:13) Tools f - an uncursed skeleton key g - a cursed magic lamp s - an uncursed sack u - an uncursed +0 unicorn horn w - an uncursed tin whistle x - an uncursed +0 pick-axe (alternate weapon; not wielded) Q - an uncursed bag of holding X - an uncursed oil lamp (0:1423) Gems n - 3 uncursed worthless pieces of green glass q - 2 uncursed worthless pieces of black glass r - an uncursed fluorite stone y - 5 uncursed worthless pieces of yellowish brown glass B - an uncursed emerald N - an uncursed worthless piece of red glass Contents of the sack: 913 gold pieces an uncursed +0 cloak of protection an uncursed +1 mummy wrapping 8 uncursed food rations an uncursed lichen corpse an uncursed sprig of wolfsbane 4 uncursed scrolls of blank paper 2 uncursed scrolls of destroy armor a blessed scroll of earth an uncursed scroll of earth 2 uncursed scrolls of enchant armor an uncursed scroll of enchant weapon an uncursed scroll of fire a blessed scroll of light an uncursed scroll of light an uncursed scroll of magic mapping 2 uncursed scrolls of scare monster an uncursed scroll of teleportation an uncursed scroll of water 2 blessed potions of gain energy an uncursed potion of healing an uncursed potion of restore ability an uncursed wand of death (0:1) an uncursed magic marker (0:75) Contents of the bag of holding: 2126 gold pieces 15 uncursed +0 darts 12 cursed -1 darts an uncursed +0 dwarvish cloak an uncursed +0 dwarvish cloak an uncursed +0 dwarvish cloak an uncursed +0 dwarvish cloak an uncursed +0 dwarvish cloak an uncursed +0 dwarvish cloak an uncursed +0 dwarvish mithril-coat an uncursed +1 pair of gauntlets of power an uncursed +0 pair of water walking boots 5 uncursed apples an uncursed carrot an uncursed cram ration an uncursed cream pie 13 blessed eucalyptus leaves an uncursed eucalyptus leaf 3 uncursed food rations 2 uncursed fortune cookies 2 uncursed sprigs of wolfsbane 5 uncursed tripe rations 3 uncursed scrolls of blank paper a cursed potion of gain level a blessed potion of oil an uncursed wand of cold (0:7) an uncursed wand of light (0:0) a cursed wand of sleep (0:7) an uncursed wand of striking (0:6) an uncursed lock pick an uncursed magic harp (0:0) an uncursed magic marker (0:60) an uncursed +0 pick-axe an uncursed stethoscope 2 blessed tallow candles (0:200) 3 uncursed wax candles (0:400) a cursed wax candle (0:400) an uncursed amber stone an uncursed worthless piece of black glass 3 uncursed worthless pieces of blue glass an uncursed worthless piece of green glass an uncursed worthless piece of orange glass an uncursed worthless piece of violet glass 2 uncursed worthless pieces of white glass an uncursed worthless piece of yellowish brown glass Spells and supernatural/magical abilities: Name Level Category Fail Memory a - force bolt 1 attack 0% 42% l - light 1 divination 0% 52% m - magic missile 2 attack 0% 56% r - remove curse 3 clerical 63% 86% O - create monster 2 clerical 0% 42% W - pray for help -- divine ? -- Your skills at the end: Miscellaneous Skills wands [Basic] Weapon Skills dagger [Basic] quarterstaff [Basic] Spellcasting Skills attack spells [Expert] divination spells [Basic] enchantment spells [Basic] Final Attributes: You were piously aligned. You were magic-protected. You saw invisible. You had infravision. You were displaced. You were stealthy. You had slower digestion. You were protected from shape changers. You were lucky. You are dead. Vanquished creatures: a ghost 2 giant mimics a large mimic a stalker a warg a small mimic an ettin mummy a sasquatch a large dog a shocking sphere a tiger a dwarf king an ochre jelly a chameleon a leocrotta an energy vortex a giant a human mummy a red naga 2 pit vipers a python 2 Grey-elves a soldier a lynx a panther a spotted jelly a lizard a giant spider an ice vortex a vampire bat 2 gnome kings a dwarf mummy 4 ogres a brown pudding a rust monster a dwarf lord a blue jelly a white unicorn 2 dust vortices a plains centaur an ape 2 bugbears a baby crocodile a wood nymph 10 Uruk-hai an orc shaman a rock mole 2 rock piercers a pony 3 fog clouds a yellow light 5 shriekers 5 gnome lords 2 gnomish wizards a red naga hatchling a golden naga hatchling a guardian naga hatchling a gray ooze 3 ghouls a straw golem 2 giant ants a little dog a floating eye 17 dwarves 4 homunculi 4 kobold lords a kobold shaman 2 iguanas 3 rothes 3 rabid rats a monkey an orc zombie a werejackal 5 coyotes a gas spore 2 hobbits an acid blob a large kobold 8 geckos 3 hobgoblins 10 giant rats 7 cave spiders 4 brown molds 2 green molds a red mold 23 gnomes 13 manes a gnome zombie 14 jackals 5 foxes 4 kobolds 14 newts 7 goblins 9 sewer rats 22 grid bugs a bat 11 lichens 5 kobold zombies 307 creatures vanquished. Voluntary challenges: You were vegetarian. You had followed a strict vegan diet until turn 2571. You had been an atheist until turn 2422. You used a wielded weapon 435 times, starting on turn 1. You did not apply a unicorn horn. You read items or engraved 32 times, starting on turn 1032. You never genocided any monsters. You polymorphed 18 items, starting on turn 9573. You never changed form. You completed Sokoban on turn 5638, according to the rules. You used no wishes. You never split a pudding. You never wrote Elbereth's name. You violated your moral code, losing 1 point of alignment, starting on turn 10351. Dungeon overview: The Dungeons of Doom: levels 1 to 6 Level 1 a fountain a long staircase Level 2 a fountain Level 3 a general store Level 4 a sink stairs to The Gnomish Mines Level 5 many fountains Level 6 an altar to Ptah stairs to Sokoban The Gnomish Mines: levels 5 to 10 Level 5 stairs to The Dungeons of Doom Level 6 Level 7 Level 8 <- You were here some shops, a temple to Thoth, a magic chest, some fountains Level 9 Level 10 Sokoban: levels 2 to 5 Level 2 a magic chest Level 3 Level 4 Level 5 a magic chest stairs to The Dungeons of Doom History has recorded: On T:1 you entered the Dungeons of Doom to retrieve the Amulet of Yendor! On T:267 you reached level 2 of The Dungeons of Doom. On T:695 you advanced to experience level 2. On T:728 you reached level 3 of The Dungeons of Doom. On T:985 you advanced to experience level 3. On T:1405 you reached level 4 of The Dungeons of Doom. On T:1429 you advanced to experience level 4. On T:1749 you reached level 5 of The Dungeons of Doom. On T:2247 you reached level 6 of The Dungeons of Doom. On T:2294 you advanced to experience level 5. On T:2436 you reached level 4 of Sokoban. On T:2665 you opened a magic chest. On T:2695 you opened a magic chest. On T:2701 you advanced to experience level 6. On T:2702 you opened a magic chest. On T:2729 you opened a magic chest. On T:2953 you reached level 3 of Sokoban. On T:3785 you reached level 2 of Sokoban. On T:4450 you reached level 1 of Sokoban. On T:4540 you advanced to experience level 7. On T:5638 you advanced to experience level 8. On T:5638 you entered the Sokoban zoo. On T:5777 you opened a magic chest. On T:5782 you opened a magic chest. On T:5825 you opened a magic chest. On T:6175 you advanced to experience level 9. On T:6176 you received advice from The Oracle. On T:6176 you advanced to experience level 10. On T:6698 you reached level 1 of The Gnomish Mines. On T:7022 you reached level 2 of The Gnomish Mines. On T:7757 you reached level 3 of The Gnomish Mines. On T:8205 you reached level 4 of The Gnomish Mines. On T:8474 you entered the Minetown temple On T:8634 you opened a magic chest. On T:8638 you opened a magic chest. On T:8652 you opened a magic chest. On T:8672 you opened a magic chest. On T:8673 you opened a magic chest. On T:8675 you opened a magic chest. On T:9160 you opened a magic chest. On T:9544 you opened a magic chest. On T:9602 you opened a magic chest. On T:10233 you opened a magic chest. On T:10233 you opened a magic chest. On T:10549 you reached level 5 of The Gnomish Mines. On T:11210 you reached level 6 of The Gnomish Mines. Score breakdown: Gold: 3039 ( 303 points) Experience: 10 levels ( 900 points) Exploration: 10 levels ( 270 points) Discoveries: 56 items ( 2000 points) Variety of kills: 98 monsters ( 2000 points) Major goal: finished Sokoban ( 1000 points) Survival: died (score multiplied by 3) Total score: 19419 Latest messages: Thursby hacks you! Thursby swings his long sword. Thursby hacks you! You stab the brown pudding. The brown pudding bumps right into you! Thursby swings his long sword. Thursby slashes you! Thursby swings his long sword. Thursby slashes you! Thursby swings his long sword. Thursby hacks you! Thursby swings his long sword. Thursby slashes you! You hear some noises in the distance. You stab the tiger. The tiger claws you! (2x) The tiger bites! The tiger claws you! (2x) The tiger bites! The tiger claws you! (2x) The tiger bites! You don't have enough stamina to move. The tiger claws you! (2x) You die... Final status: Goodbye Celery the Wizard, killed by a tiger... You died in The Gnomish Mines on dungeon level 8 with 19419 points, and 3039 pieces of gold, after 11603 moves. You were level 10 with a maximum of 102 hit points when you died.